 Dungeon Crawl Stone Soup version 0.19.5 (webtiles) character file.

1399 uhmor the Caller (level 9, -2/61 HPs)
             Began as a Human Summoner on May 9, 2017.
             Was a Believer of the Shining One.
             Slain by a killer bee (3 damage)
             ... on level 6 of the Dungeon on May 10, 2017.
             The game lasted 02:34:23 (7045 turns).

uhmor the Caller (Human Summoner)                   Turns: 7045, Time: 02:34:24

Health: -2/61      AC:  6    Str:  8    XL:     9   Next: 1%
Magic:  0/15       EV: 11    Int: 18    God:    the Shining One [**....]
Gold:   337        SH: 10    Dex: 17    Spells: 3 memorised, 10 levels left

rFire  + + .     SeeInvis .     w - +0 spear
rCold  . . .     Gourm    .     k - +0 ring mail
rNeg   + . .     Faith    .     (no shield)
rPois  .         Spirit   .     (no helmet)
rElec  .         Reflect  .     (no cloak)
rCorr  .         Harm     .     (no gloves)
MR     ++...                    F - +0 pair of boots
Stlth  +.........               l - amulet of regeneration
                                (no ring)
                                M - ring of protection from magic

@: lethally poisoned (-2 -> -6), divine shield, glowing
A: large bone plates 1, thin skeletal structure 1, agile 1, dopey 1, fire
resistance 2, magic resistance 1
a: Divine Shield, Renounce Religion


You were on level 6 of the Dungeon.
You worshipped the Shining One.
The Shining One was pleased with you.
You were not hungry.

You visited 1 branch of the dungeon, and saw 7 of its levels.

You collected 412 gold pieces.
You spent 75 gold pieces at shops.

Inventory:

Hand Weapons
 e - a +0 club
 f - a +0 quarterstaff
 g - a +0 dagger
 i - a +2 mace of protection
 q - a +0 shortbow
 s - a +1 vampiric dagger
 w - a +0 spear (weapon)
 x - a +0 flail of crushing
 A - a +0 hunting sling
 N - a +0 trident
 X - a +0 lajatang
 Z - a +1 dagger of pain
Missiles
 d - 138 stones (quivered)
 j - 57 bolts
 v - 6 poisoned needles
 z - 83 sling bullets
 B - 8 tomahawks
 I - 88 arrows
Armour
 a - a +0 robe
 k - a +0 ring mail (worn)
 F - a +0 pair of boots (worn)
 T - a +0 scale mail
Jewellery
 l - an amulet of regeneration (around neck)
 G - a +5 amulet of reflection
 K - an uncursed amulet of harm
 M - a ring of protection from magic (left hand)
 O - an uncursed amulet of regeneration
Wands
 r - a wand of slowing (0/48)
 Q - a wand of random effects (21/48)
Scrolls
 h - a scroll of fear {unknown}
 m - 3 scrolls of identify
 t - 3 scrolls of immolation
 u - 2 scrolls of remove curse {unknown}
 D - 2 scrolls of magic mapping {unknown}
 E - a scroll of amnesia {unknown}
 R - a scroll of recharging {unknown}
 S - 2 scrolls of enchant armour {unknown}
 Y - a scroll of brand weapon {unknown}
Potions
 n - 3 potions of haste {unknown}
 o - a potion of heal wounds {unknown}
 p - a potion of ambrosia {unknown}
 C - a potion of brilliance {unknown}
 H - a potion of might {unknown}
 J - 2 potions of lignification
 P - 2 potions of degeneration
 V - a potion of cure mutation {unknown}
Books
 b - a book of Callings

   Spells                             Type                      Level
   a - Summon Small Mammal            Summoning                    1
   b - Call Imp                       Summoning                    2
   c - Call Canine Familiar           Summoning                    3
   d - Summon Guardian Golem          Hexes/Summoning              3
   e - Summon Lightning Spire         Summoning/Air                4
   f - Summon Ice Beast               Ice/Summoning                4
 U - a book of Misfortune

   Spells                             Type                      Level
   a - Confusing Touch                Hexes                        1
   b - Confuse                        Hexes                        3
   c - Gell's Gravitas                Hexes/Translocation          3
   d - Petrify                        Transmutation/Earth          4
   e - Metabolic Englaciation         Hexes/Ice                    5
   f - Yara's Violent Unravelling     Hexes/Transmutation          5
Comestibles
 c - 5 bread rations
 y - 4 fruits
 L - a chunk of flesh
 W - 6 meat rations


   Skills:
 + Level 2.2 Fighting
 - Level 0.4 Short Blades
 + Level 1.3 Maces & Flails
 * Level 3.6 Polearms
 - Level 0.4(2.4) Staves
 + Level 0.8 Slings
 * Level 0.4 Bows
 + Level 2.8 Armour
 + Level 2.5 Dodging
 + Level 2.2 Stealth
 + Level 4.6 Spellcasting
 * Level 7.7 Summonings
 + Level 0.2 Invocations


You had 10 spell levels left.
You knew the following spells:

 Your Spells              Type           Power        Failure   Level  Hunger
a - Summon Small Mammal   Summ           ####         1%          1    None
b - Call Canine Familiar  Summ           ####....     8%          3    ###....
c - Summon Guardian Gole  Hex/Summ       ###.....     24%         3    ###....


Dungeon Overview and Level Annotations

Branches:
Dungeon (7/15)
 Temple: D:4-7

Altars:
Cheibriados
Nemelex Xobeh
Okawaru
The Shining One

Shops:
D:5 *

Annotations:
D:3 Paljon normaaleja aseita maassa veden äärellä!
D:5 SHOP!


Innate Abilities, Weirdness & Mutations

You are partially covered in large bone plates. (SH +4)
You have a somewhat thin skeletal structure. (Dex +2, Stealth)
You are agile. (Dex +2)
You are dopey. (Int -2)
Your flesh is very heat resistant. (rF++)
You are resistant to hostile enchantments. (MR+)


Message History

Your base attributes are Str 8, Int 19, Dex 13.
Increase (S)trength, (I)ntelligence, or (D)exterity?
You feel clever. You block the killer bee's attack.
Your wolf closely misses the killer bee.
The orc hits your wolf with a flail!
Your wolf barely misses the orc.
The killer bee stings you.
* * * LOW HITPOINT WARNING * * *
You are lethally poisoned!
The killer bee poisons you!
Your magical contamination has completely faded away.
You hit the killer bee.
The killer bee is moderately wounded.
* * * LOW HITPOINT WARNING * * *
You feel sick.
Your wolf bites the orc but does no damage.
The killer bee stings you but does no damage.
The orc hits your wolf but does no damage.
Your wolf bites the orc.
The killer bee stings you.
You die...

#.#...#######
##.#.........#
##.....>...##.####
#.)...............
#.....>...)#..####
#.###.............
#.# #...####..####
#.# #...# #..# #@#
##.#####..# #y#
#........#### #.#
#### ##>.....
#h##########..####
#.o.o.............
##################


You could see a killer bee, an orc and a friendly wolf.

Vanquished Creatures
  The ghost of Frank the Shield-Bearer, a novice GrFi of the Shining One (D:4)
  The ghost of bananaglory the Chucker, an amateur FoHu (D:3)
  A centaur (D:6)
  A bullfrog (D:6)
  A scorpion (D:5)
  A howler monkey (D:4)
  2 crimson imps
  An orc priest (D:6)
  2 orc wizards
  A centaur skeleton (D:6)
  An iguana (D:4)
  3 adders
  An ooze (D:2)
  A dart slug (D:2)
  A leopard gecko (D:1)
  4 orcs
  5 giant cockroaches
  A goblin (D:2)
  4 hobgoblins
  7 jackals
  A ball python (D:5)
  3 bats
  4 frilled lizards
  3 kobolds
  5 rats
56 creatures vanquished.

Vanquished Creatures (collateral kills)
  3 sky beasts
  An ogre (D:4)
  A phantom (D:5)
  2 bullfrogs (D:6)
  A scorpion (D:5)
  A killer bee (D:6)
  A crimson imp (D:5)
  A centaur zombie (D:5)
  Ijyb (D:2)
  4 orc priests
  A hound (D:4)
  A bullfrog skeleton (D:6)
  5 orc wizards
  Jessica (D:2)
  An iguana (D:4)
  A worker ant (D:5)
  A hound skeleton (D:4)
  A worker ant zombie (D:5)
  4 adders
  3 shadow imps
  4 worms
  4 dart slugs
  2 leopard geckos
  16 orcs
  4 giant cockroaches
  7 goblins
  3 hobgoblins (D:1)
  9 jackals
  6 kobolds
  A quokka (D:2)
  4 bats
  3 frilled lizards
  A quokka skeleton (D:5)
  4 rats
103 creatures vanquished.

Vanquished Creatures (others)
  A leopard gecko (D:2)
1 creature vanquished.

Grand Total: 160 creatures vanquished

Notes
Turn   | Place    | Note
-------+----------+-------------------------------------------
     0 | D:1      | uhmor the Human Summoner began the quest for the Orb.
     0 | D:1      | Reached XP level 1. HP: 13/13 MP: 3/3
   143 | D:1      | Reached XP level 2. HP: 19/19 MP: 3/5
   780 | D:1      | Reached XP level 3. HP: 22/24 MP: 1/6
  1069 | D:2      | Noticed Ijyb
  1092 | D:2      | Killed Ijyb
  1092 | D:2      | Reached XP level 4. HP: 28/31 MP: 2/7
  1119 | D:2      | You fall through a shaft for 2 floors!
  1265 | D:4      | Reached skill level 5 in Summonings
  1320 | D:4      | Reached XP level 5. HP: 33/36 MP: 2/9
  1358 | D:4      | Reached skill level 1 in Armour
  1749 | D:4      | Found a glowing golden altar of the Shining One.
  1817 | D:4      | Became a worshipper of the Shining One
  1880 | D:4      | Learned a level 3 spell: Call Canine Familiar
  1975 | D:4      | Noticed Frank's ghost (novice GrFi)
  2270 | D:4      | Killed Frank's ghost
  2270 | D:4      | Reached skill level 1 in Fighting
  2270 | D:4      | Reached skill level 6 in Summonings
  2270 | D:4      | Reached XP level 6. HP: 22/43 MP: 3/11
  2412 | D:4      | Noticed a sky beast
  2427 | D:4      | Killed a sky beast
  2427 | D:4      | Reached skill level 1 in Maces & Flails
  2427 | D:4      | Reached XP level 7. HP: 29/48 MP: 8/12
  2432 | D:4      | Gained mutation: Your flesh is heat resistant. (rF+) [mutagenic meat]
  2433 | D:4      | Gained mutation: You are partially covered in large bone plates. (SH +4) [mutagenic meat]
  2434 | D:4      | Gained mutation: Your flesh is very heat resistant. (rF++) [mutagenic meat]
  2436 | D:4      | Gained mutation: Your spells are a little harder to cast, but a little more powerful. [mutagenic meat]
  2797 | D:3      | Noticed bananaglory's ghost (amateur FoHu)
  2812 | D:3      | Killed bananaglory's ghost
  3250 | D:3      | Reached * piety under the Shining One
  3263 | D:3      | Found an iron altar of Okawaru.
  4006 | D:2      | Noticed Jessica
  4012 | D:2      | Killed Jessica
  4298 | D:2      | Reached skill level 1 in Polearms
  5043 | D:5      | Entered Level 5 of the Dungeon
  5082 | D:5      | Reached XP level 8. HP: 49/54 MP: 9/13
  5293 | D:5      | Got a pair of warped boots
  5366 | D:5      | Found a glowing golden altar of the Shining One.
  5531 | D:5      | Found Diri's Assorted Antiques.
  5579 | D:5      | Bought a scroll of identify for 50 gold pieces
  5579 | D:5      | Bought a scroll labeled HUC NYMEGUMA for 25 gold pieces
  5818 | D:5      | Reached skill level 7 in Summonings
  5919 | D:5      | Found a sparkling altar of Nemelex Xobeh.
  6103 | D:6      | Reached ** piety under the Shining One
  6595 | D:6      | Gained mutation: You have a somewhat thin skeletal structure. (Dex +2, Stealth) [mutagenic meat]
  6596 | D:6      | Gained mutation: You are agile. (Dex +2) [mutagenic meat]
  6597 | D:6      | Gained mutation: You are resistant to hostile enchantments. (MR+) [mutagenic meat]
  6598 | D:6      | Lost mutation: Your spells are a little harder to cast, but a little more powerful. [mutagenic meat]
  6599 | D:6      | Gained mutation: You are dopey. (Int -2) [mutagenic meat]
  6632 | D:6      | Found a snail-covered altar of Cheibriados.
  6921 | D:6      | Learned a level 3 spell: Summon Guardian Golem
  7041 | D:6      | HP: 2/56 [killer bee (8)]
  7042 | D:6      | Reached XP level 9. HP: 3/61 MP: 0/15
  7045 | D:6      | Slain by a killer bee

Skill      XL: |  1  2  3  4  5  6  7  8 |
---------------+-------------------------+-----
Summonings     | 5 6 7 |  7.7
Armour         | 1 2 |  2.8
Spellcasting   | 3 4 |  4.6
Fighting       | 1 2 |  2.2
Maces & Flails | 1 |  1.3
Polearms       | 1 3 |  3.6
Short Blades   | |  0.4
Staves         | |  0.4
Slings         | |  0.8
Bows           | |  0.4
Dodging        | |  2.5
Stealth        | |  2.2
Invocations    | |  0.2

Action                   |  1- 3 |  4- 6 |  7- 9 || total
-------------------------+-------+-------+-------++-------
Melee: Dagger            |    72 |    68 |     1 ||   141
       Unarmed           |     1 |       |       ||     1
       Morningstar       |       |    36 |       ||    36
       Quarterstaff      |       |     3 |    24 ||    27
       Trident           |       |       |    55 ||    55
       Spear             |       |       |   174 ||   174
 Fire: Hunting sling     |       |     4 |       ||     4
       Shortbow          |       |       |     5 ||     5
Throw: Stone             |       |       |     2 ||     2
 Cast: Summon Small Mamm |    45 |    51 |    44 ||   140
       Call Canine Famil |       |    10 |    43 ||    53
       Summon Guardian G |       |       |     1 ||     1
Invok: Divine Shield     |       |       |     2 ||     2
Evoke: Wand              |       |     2 |       ||     2
  Use: Scroll            |       |     1 |     5 ||     6
 Stab: Distracted        |     2 |     1 |       ||     3
  Eat: Chunk             |     1 |     2 |    24 ||    27
       Bread ration      |       |     1 |     1 ||     2
Armor: Robe              |     8 |       |       ||     8
       Ring mail         |    32 |    35 |    71 ||   138
Dodge: Dodged            |    51 |    64 |    92 ||   207
Block: Other             |       |       |    43 ||    43
